AoeStats
← wubs

MegaRandom

509450484Analyzed
4v4 RM · 4d ago on Sep 26, 2026· 51m 1s· 8 players
Game mode
Random Map
Map size
Large (8 player)
Population
200
Speed
Normal
Resources
Standard
Victory
Conquest
Starting age
Dark Age
Ending age
Imperial Age
RankedLock teamsTeams togetherTeam positionsShared explorationLock speedFull tech treeHidden civsTurbo modeCheats
Victory
Defeat
🇯🇴 Goths · Jordan
716
+7
🇺🇸 Varangians · United States
701
+7
🇺🇸 Aztecs · United States
652
+9
🇫🇷 Dravidians · France
587
+11
🇨🇭 Bohemians · Switzerland
586
-11
🇹🇷 Celts · Türkiye
512
-9
🇺🇸 Turks · United States
437
-7
🇹🇷 Dravidians · Türkiye
431
-7
MetBlue
0:37 Loom
12:57 Feudal Age
14:11 Double-Bit Axe
14:10 Horse Collar
17:58 Arson
20:07 Forging
20:04 Scale Barding Armor
21:33 Wheelbarrow
20:44 Town Watch
25:28 Castle Age
24:20 Scale Mail Armor
26:35 Bow Saw
26:37 Heavy Plow
27:18 Town Patrol
26:48 Pikeman
27:29 Squires
29:03 Hand Cart
30:25 Chemistry
29:36 Fortified Wall
29:21 Crossbowman
31:47 Murder Holes
32:58 Caravan
33:50 Masonry
35:39 Iron Casting
35:21 Chain Mail Armor
36:59 Husbandry
40:30 Imperial Age
40:40 Houfnice
41:13 Cavalier
43:01 Chain Barding Armor
43:47 Blast Furnace
44:32 Conscription
44:18 Wagenburg Tactics
wubs
11:30 Loom
13:34 Feudal Age
21:23 Castle Age
20:09 Bloodlines
23:43 Double-Bit Axe
23:42 Horse Collar
27:43 Husbandry
28:26 Squires
33:08 Ballistics
39:33 Imperial Age
43:07 Bombard Tower
42:33 Arrowslits
42:46 Murder Holes
42:33 Treadmill Crane
46:52 Cavalier
46:55 Heavy Camel Rider
FENERBAHCE
11:19 Feudal Age
16:57 Castle Age
31:06 Imperial Age
30:28 Horse Collar
30:37 Double-Bit Axe
30:58 Gold Mining
32:53 Wheelbarrow
32:07 Loom
32:07 Town Watch
32:17 Stone Mining
43:44 Heavy Scorpion
45:49 Hand Cart
45:53 Scale Mail Armor
45:58 Padded Archer Armor
47:07 Bow Saw
李靖
Xx-Antrax-Xx44
10:46 Feudal Age
11:37 Loom
18:23 Castle Age
26:34 Squires
26:20 Arson
29:53 Man-at-Arms
34:07 Long Swordsman
37:21 Imperial Age
37:30 Wheelbarrow
38:45 Two-Handed Swordsman
40:42 Forging
40:32 Scale Mail Armor
42:06 Conscription
43:12 Treadmill Crane
45:52 Chain Mail Armor
47:08 Iron Casting
47:04 Plate Mail Armor
46:58 Champion
48:36 Garland Wars
47:57 Eagle Warrior
49:10 Atlatl
50:23 Blast Furnace
A Delicious Pot Roast
13:45 Feudal Age
18:09 Castle Age
17:21 Stone Mining
26:45 Scale Barding Armor
27:20 Wheelbarrow
26:44 Double-Bit Axe
27:43 Stone Shaft Mining
28:35 Hand Cart
31:08 Chain Barding Armor
33:22 Bow Saw
33:16 Gold Mining
36:00 Imperial Age
36:13 Scale Mail Armor
38:21 Conscription
39:00 Plate Barding Armor
40:06 Forging
39:28 Elite Jarl
42:08 Iron Casting
44:55 Blast Furnace
45:21 Husbandry
45:32 Bloodlines
46:35 Elite Varangian Guard
TireurFou
5:51 Loom
14:45 Feudal Age
18:55 Castle Age
17:52 Double-Bit Axe
20:33 Bow Saw
20:49 Stone Mining
24:08 Gold Mining
24:07 Horse Collar
26:43 Heavy Plow
32:24 Wheelbarrow
31:34 Town Watch
31:57 Husbandry
35:46 Imperial Age
33:32 Hand Cart
33:17 Town Patrol
33:27 Squires
33:14 Arson
35:49 Forging
35:40 Scale Mail Armor
37:07 Conscription
38:06 Two-Man Saw
37:47 Iron Casting
37:27 Chain Mail Armor
38:54 Wootz Steel
39:55 Elite Urumi Swordsman
41:41 Blast Furnace
41:11 Plate Mail Armor
44:19 Fortified Wall
44:20 Masonry
Shehadeh almaqdesy
1:15 Loom
15:02 Feudal Age
16:21 Wheelbarrow
16:27 Double-Bit Axe
18:01 Horse Collar
24:18 Castle Age
25:21 Hand Cart
27:57 Stone Mining
27:59 Gold Mining
29:20 Stone Shaft Mining
28:47 Heavy Plow
29:06 Bow Saw
30:20 Caravan
33:19 Anarchy
35:54 Imperial Age
34:11 Forging
34:02 Scale Mail Armor
36:59 Iron Casting
36:39 Chain Mail Armor
36:17 Elite Huskarl
37:23 Conscription
37:04 Perfusion
39:43 Blast Furnace
38:34 Town Watch
41:53 Crop Rotation
42:26 Two-Man Saw
42:36 Town Patrol
43:10 Squires
46:16 Chemistry
44:59 Treadmill Crane
45:16 Murder Holes
46:09 Man-at-Arms
46:09 Pikeman
47:10 Long Swordsman
47:10 Halberdier
50:50 Two-Handed Swordsman
50:50 Two-Handed Swordsman
Connection lost

Rejoining the realm…

Still unreachable

The connection could not be restored.

Session expired

The server has moved on; the page needs a fresh start.